Unix NetHack Version 5.0.0-0 post-release - last build May  4 2026 22:22:43 (774f63e81ad911689b3a0859ea89b322d5daca8d,branch:main).

Game began 2026-05-09 14:09:55, ended 2026-05-09 14:53:00.

Drastanta, chaotic male elven Wizard

                                                              -- -- ---
                                                            ---.--.--.--
                                                            |..h....@./|
                                                       |  ---......h..-|--- ..|
                                                       |.........G..r.^|.....
                                                       -.........----r.).-
                                                      -( -......    |.<|.|
                                                        ......      -..|.|
                                                      .......       ...| |
                                                   .........      |....
                                                  |........       --....
                                                  |.......         .....
                                                  .--...           .---G.
                                                    ---            -   ---

Drastanta the Thaumaturge  St:12 Dx:12 Co:16 In:16 Wi:11 Ch:10  Chaotic
Dlvl:5  $:151 HP:0(47) Pw:60(81) AC:9  Xp:6 T:4088 

Latest messages:
 The spell hits the gnome!
 You kill the gnome!
 Welcome to experience level 6.
 You hear some noises in the distance.
 What do you want to eat? [qsu or ?*] q
 Blecch!  Rotten food!
 You finish eating the food ration.
 In what direction? 4
 The spell hits the gnome!
 You kill the gnome!
 There is a gnome corpse here; eat it? [ynq] (n) y
 Blecch!  Rotten food!
 The world spins and goes dark.
 The dwarf wields a broad pick!
 The sewer rat misses the dwarf.
 The dwarf swings his broad pick.
 The dwarf hits!
 The sewer rat misses the dwarf.
 You dream that you hear crashing rock.
 The gnome picks up a gem.
 The giant rat picks up a crossbow bolt.
 The sewer rat misses the dwarf.
 The sewer rat misses the dwarf.
 The gnome wields a thonged club!
 The gnome secures the tether on the thonged club.
 You are conscious again.
 In what direction? 1
 The spell misses the dwarf.
 The sewer rat misses the dwarf.
 You hear some noises in the distance.
 The dwarf swings his broad pick.
 The dwarf hits!
 In what direction? 1
 The spell misses the dwarf.
 The sewer rat misses the dwarf.
 The hobbit throws a dagger!
 You are hit by a dagger.
 The dwarf swings his broad pick.
 The dwarf hits!
 Are you sure you want to pray? [yn] (n) y
 You begin praying to Anhur.
 The sewer rat misses the dwarf.
 The dwarf swings his broad pick.
 The dwarf hits!
 You die...
 Do you want your possessions identified? [ynq] (y) n
 Do you want to see your attributes? [ynq] (y) n
 Do you want an account of creatures vanquished? [ynaq] (y) n
 Do you want to see your conduct and achievements? [ynq] (y) y
 Do you want to see the dungeon overview? [ynq] (y) y

Inventory:
 Coins    ('$')
  $ - 151 gold pieces
 Weapons  (')')
  D - a blessed +0 dwarvish mattock
  a - a blessed +1 quarterstaff (weapon in hands)
 Armor    ('[')
  b - an uncursed +0 cloak of magic resistance (being worn)
  v - an uncursed +0 cloak of protection
 Comestibles  ('%')
  q - an uncursed food ration
  s - an uncursed tin of dried newt meat
  u - an uncursed lichen corpse
 Scrolls  ('?')
  i - an uncursed scroll of charging
  t - a cursed scroll of enchant armor
  k - 2 uncursed scrolls of light
  j - an uncursed scroll of scare monster
 Spellbooks  ('+')
  F - an uncursed spellbook of create monster
  l - a blessed spellbook of force bolt
  m - an uncursed spellbook of slow monster
  K - an uncursed spellbook of wizard lock
 Potions  ('!')
  G - an uncursed potion of booze
  I - a blessed potion of healing
  E - an uncursed potion of healing
  C - an uncursed potion of monster detection
  f - an uncursed potion of see invisible
  g - 2 uncursed potions of water
 Rings    ('=')
  J - an uncursed ring of slow digestion
  e - an uncursed ring of stealth (on left hand)
  d - an uncursed ring of teleport control (on right hand)
 Wands    ('/')
  c - a wand of cancellation (0:4)
 Tools    ('(')
  o - an uncursed wooden harp
  n - a magic marker (0:21)
  y - an uncursed towel
 Gems/Stones  ('*')
  B - an uncursed rock

Drastanta the Wizard's attributes:

Background:
 You were a Thaumaturge, a level 6 male elven Wizard.
 You were chaotic, on a mission for Anhur
 who was opposed by Ptah (lawful) and Thoth (neutral).
 You were right-handed.
 You were in the Gnomish Mines, on level 5.
 You entered the dungeon 4088 turns ago.
 You had 329 experience points, 311 more were needed to attain level 7.

Basics:
 You had 0 out of 47 hit points.
 You had 60 out of 81 energy points (spell power).
 Your armor class was 9.
 Your wallet contained 151 zorkmids.
 Autopickup was off.

Final Characteristics:
 Your strength was 12 (limit:18).
 Your dexterity was 12 (limit:18).
 Your constitution was 16 (limit:16).
 Your intelligence was 16 (limit:20).
 Your wisdom was 11 (limit:20).
 Your charisma was 10 (limit:18).

Final Status:
 You weren't hungry.
 You were unencumbered.
 You were wielding a quarterstaff.
 You had basic skill with quarterstaff.

Final Attributes:
 You were piously aligned.
 You were magic-protected.
 You were sleep resistant.
 You had infravision.
 You were stealthy.
 You had teleport control.
 You were warded.
 You are dead.

Miscellaneous:
 You didn't encounter any bones levels.
 Total elapsed playing time was 43 minutes and 4 seconds.

Major events:
 Turn
    1: Drastanta the chaotic male elven Wizard entered the dungeon
  946: attained the rank of Conjurer (level 3)
 1372: entered the Gnomish Mines
 4066: attained the rank of Thaumaturge (level 6)
 4088: killed by a dwarf, while praying

Spells:
 Name                 Level Category     Fail Retention
 force bolt             1   attack         0%   71%-80%
 slow monster           2   enchantment    0%   71%-80%

Skills:
 Fighting Skills
   bare handed combat [Unskilled]
   riding             [Unskilled]
 Weapon Skills
   dagger             [Unskilled]
   knife              [Unskilled]
   axe                [Unskilled]
   short sword        [Unskilled]
   club               [Unskilled]
   mace               [Unskilled]
   quarterstaff       [Basic]
   polearms           [Unskilled]
   spear              [Unskilled]
   trident            [Unskilled]
   sling              [Unskilled]
   dart               [Unskilled]
   shuriken           [Unskilled]
 Spellcasting Skills
   attack spells      [Basic]
   healing spells     [Unskilled]
   divination spells  [Unskilled]
   enchantment spells [Basic]
   clerical spells    [Unskilled]
   escape spells      [Unskilled]
   matter spells      [Unskilled]

Voluntary challenges:
 Character rerolling was not enabled.
 You never genocided any monsters.
 You never polymorphed an object.
 You used no wishes.
Achievements:
 You entered a shop.
 You attained the rank of Conjurer.
 You entered the Gnomish Mines.
 You attained the rank of Thaumaturge.

 The Dungeons of Doom: levels 1 to 6
    Level 1:
       An altar.
    Level 2:
       An armor shop, some fountains, a grave.
    Level 3:
       Some fountains.
    Level 4:
       Stairs down to The Gnomish Mines.
    Level 5:
       A fountain.
    Level 6:
       Many fountains.
 The Gnomish Mines:
    Level 5: <- You were here.
       Final resting place for
          you, killed by a dwarf, while praying.


Vanquished creatures:
  2 rock moles
  a yellow light
  a shrieker
  a gnome leader
  a kobold mummy
  2 giant ants
  a little dog
  a floating eye
  3 kittens
  2 kobold leaders
  a kobold shaman
  3 hill orcs
  a rothe
  a rabid rat
  a giant bat
  a monkey
  2 wererats
  3 iguanas
 an acid blob
  a gas spore
  2 cave spiders
  3 gnomes
  3 geckos
  4 jackals
  2 kobolds
  4 goblins
  2 sewer rats
  5 grid bugs
  a bat
  6 lichens
  a kobold zombie
  a newt
64 creatures vanquished.

No species were genocided or became extinct.

Game over:
                       ----------
                      /          \
                     /    REST    \
                    /      IN      \
                   /     PEACE      \
                  /                  \
                  |    Drastanta     |
                  |      151 Au      |
                  |   killed by a    |
                  |      dwarf       |
                  |                  |
                  |                  |
                  |       2026       |
                 *|     *  *  *      | *
        _________)/\\_//(\/(/\)/\//\/|_)_______

Goodbye Drastanta the Wizard...

You died in The Gnomish Mines on dungeon level 5 with 1702 points,
and 151 pieces of gold, after 4088 moves.
You were level 6 with a maximum of 47 hit points when you died.

